 Dungeon Crawl Stone Soup version 0.22.1-2-g9c5b331383 (webtiles) character file.

5557 McIrco the Blocker (level 10, -5/72 HPs)
             Began as a Vampire Assassin on Jan 5, 2019.
             Was an Initiate of Makhleb.
             Slain by a two-headed ogre
             ... wielding a +0 giant club
              (18 damage)
             ... on level 9 of the Dungeon.
             The game lasted 00:27:08 (14667 turns).

McIrco the Blocker (Vampire Assassin)              Turns: 14667, Time: 00:27:08

Health: -5/72      AC:  3    Str: 10    XL:     10   Next: 44%
Magic:  10/10      EV: 15    Int: 14    God:    Makhleb [......]
Gold:   717        SH: 22    Dex: 19    Spells: 9/9 levels left

rFire    . . .     SeeInvis +   u - +2 short sword (speed)
rCold    + . .     Gourm    .   j - +3 shield
rNeg     + + .     Faith    .   c - +0 robe
rPois    +         Spirit   .   (no helmet)
rElec    .         Reflect  +   d - +0 cloak
rCorr    .         Harm     .   (no gloves)
MR       +....                  (no boots)
Stlth    +++++.....             v - brooch of Shielding {Reflect SH+8}
HPRegen  0.11/turn              (no ring)
MPRegen  0.12/turn              (no ring)

@: regenerating slowly
A: fangs 3, see invisible, unbreathing
a: Bat Form, Renounce Religion


You were on level 9 of the Dungeon.
You worshipped Makhleb.
Makhleb was noncommittal.
You were near bloodless.

You visited 2 branches of the dungeon, and saw 10 of its levels.
You also visited: Ossuary.

You collected 717 gold pieces.

Inventory:

Hand Weapons
 b - a +0 blowgun
 o - the +5 flail "Xudif" {flame, Int+7, unknown}
   (You found it on level 4 of the Dungeon)

   It has been specially enchanted to burn those struck by it, causing extra
   injury to most foes and up to half again as much damage against particularly
   susceptible opponents.
   It affects your intelligence (+7).
 u - a +2 short sword of speed (weapon)
 y - a +0 rapier of draining
Missiles
 e - 8 poisoned needles
 f - 2 curare-tipped needles
 m - 2 javelins of returning (quivered)
 n - 7 needles of sleeping
Armour
 c - a +0 robe (worn)
 d - a +0 cloak (worn)
 j - a +3 shield (worn)
 D - a +0 pair of boots
Jewellery
 v - the brooch of Shielding (around neck) {Reflect SH+8}
   (You found it on level 5 of the Dungeon)

   [amulet of reflection]

   It shields you and reflects attacks.
   It affects your SH (+8).
 E - an uncursed amulet of rage {unknown}
 F - an uncursed amulet of regeneration {unknown}
Wands
 w - a wand of flame (31)
 G - a wand of scattershot (7)
 J - a wand of paralysis (16)
 K - a wand of random effects (30)
Scrolls
 i - a scroll of enchant weapon
 p - 2 scrolls of immolation
 q - 2 scrolls of teleportation
 r - 2 scrolls of identify
 x - 2 scrolls of enchant armour
 B - 2 scrolls of remove curse
 C - a scroll of blinking {unknown}
 H - a scroll of fog
Potions
 a - 3 potions of haste
 g - 9 potions of blood
 h - 5 potions of curing
 k - 4 potions of heal wounds
 l - a potion of agility
 s - a potion of ambrosia
 t - 2 potions of lignification
 z - 3 potions of magic
 A - 2 potions of mutation
 I - a potion of cancellation {unknown}


   Skills:
 + Level 4.2 Fighting
 + Level 8.6 Short Blades
 + Level 5.5 Throwing
 + Level 5.5 Dodging
 + Level 7.0 Stealth
 * Level 8.9 Shields


You had 9 spell levels left.
You didn't know any spells.
Your spell library contained the following spells:

 Spells                   Type           Power        Failure   Level  Hunger
 Animate Skeleton         Necr           N/A          52%         1    ##.....
 Apportation              Tloc           #.....       52%         1    ##.....
 Confusing Touch          Hex            #.....       52%         1    ##.....
 Summon Small Mammal      Summ           #...         52%         1    ##.....


Dungeon Overview and Level Annotations

Branches:
Dungeon (9/15)             Temple (1/1) D:7
   Lair: D:8-11         Orc: D:9-12

Altars:
Ashenzari
Cheibriados
Dithmenos
Elyvilon
Gozag
Hepliaklqana
Kikubaaqudgha
Makhleb
Nemelex Xobeh
Qazlal
Ru
Trog
Uskayaw
Vehumet
Wu Jian
Xom
Yredelemnul
Zin
The Shining One

Annotations:
D:6 3 runed doors, Cykl0x's ghost, amateur OpCj; Cykl0x's ghost, novice GrFi; Syrassil's ghost, novice DgWn; ciphuk's ghost, novice MfIE; topfpfpflanze's ghost, novice FeWz


Innate Abilities, Weirdness & Mutations

You heal slowly.
You have razor-sharp teeth.
You have supernaturally acute eyesight. (SInv)
You can survive without breathing.


Message History

The centaur shouts!
You block the two-headed ogre's attack. x2
You hit the two-headed ogre.
The two-headed ogre is almost dead.
The centaur wields a shortbow.
The centaur shoots an arrow.
You reflect the arrow off an invisible shield around you!
The arrow hits the centaur!
You completely miss the two-headed ogre.
The two-headed ogre is almost dead.
The two-headed ogre hits you with a giant club!
You block the two-headed ogre's attack.
Unknown command.
You hit the two-headed ogre.
The two-headed ogre is almost dead.
You closely miss the two-headed ogre.
The two-headed ogre is almost dead.
The centaur shoots an arrow.
The arrow hits you!
* * * LOW HITPOINT WARNING * * *
The two-headed ogre hits you with a giant club!!
You die...

#..# ##..# #.## ###..##
#.# #.(.## #.#
###c######## #.#
#..........#
..#####+######......%...#
............#...........#
.'........?.#...........+
#.........hO@.....)....#
#..........##..........#
#..........##(.........#
#..........##..........#
#..........##..........#
#..........#############
############


You could see a two-headed ogre, a centaur and a hound.

Vanquished Creatures
  2 two-headed ogres
  Pikel (D:7)
  Prince Ribbit (D:6)
  2 hippogriffs (D:8)
  Sigmund (D:6)
  Eustachio (D:6)
  2 ice beasts
  A hornet zombie (D:7)
  3 sky beasts
  A necrophage (D:7)
  3 phantoms
  A centaur (D:8)
  3 ogres
  A bullfrog (D:8)
  3 scorpions (D:5)
  7 killer bees
  2 howler monkeys (D:5)
  4 crimson imps
  2 jellies (D:8)
  A centaur zombie (Ossuary)
  An orc priest (D:8)
  A centaur skeleton (D:4)
  A hound (D:8)
  A bullfrog skeleton (D:8)
  3 iguanas (D:8)
  3 orc wizards
  5 worker ants
  A killer bee zombie (D:5)
  3 big kobold zombies (Ossuary)
  2 mummies (Ossuary)
  7 gnolls
  5 adders
  2 oozes (D:5)
  An adder zombie (D:5)
  2 adder skeletons
  4 worms
  A dart slug (D:1)
  3 leopard geckos
  13 orcs
  6 giant cockroaches
  3 goblins
  5 hobgoblins
  3 jackals
  6 kobolds
  A quokka (D:6)
  A ball python (D:4)
  5 bats
  7 frilled lizards
  A giant cockroach zombie (D:6)
  A goblin skeleton (D:4)
  8 goblin zombies
  3 hobgoblin zombies (D:4)
  A kobold skeleton (D:4)
  A kobold zombie (D:4)
  2 leopard gecko skeletons
  2 orc skeletons (D:4)
  4 orc zombies (Ossuary)
  A quokka skeleton (D:4)
  A quokka zombie (D:8)
  6 rats
169 creatures vanquished.

Vanquished Creatures (others)
  An orc warrior (D:8)
  A centaur (D:9)
  A crimson imp (D:7)
  An orc priest (D:7)
  A jackal (D:7)
  A quokka skeleton (D:9)
6 creatures vanquished.

Grand Total: 175 creatures vanquished

Notes
Turn   | Place    | Note
-------+----------+-------------------------------------------
     0 | D:1      | McIrco the Vampire Assassin began the quest for the Orb.
     0 | D:1      | Reached XP level 1. HP: 16/16 MP: 1/1
  2332 | D:1      | Reached XP level 2. HP: 21/22 MP: 2/2
  3180 | D:2      | Found a white marble altar of Elyvilon.
  3182 | D:2      | Reached XP level 3. HP: 19/27 MP: 3/3
  3546 | D:3      | Reached skill level 1 in Shields
  3619 | D:3      | Found a glowing golden altar of the Shining One.
  3619 | D:3      | Found a stormy altar of Qazlal.
  3625 | D:3      | Found a faded altar of an unknown god.
  3627 | D:3      | Found a faded altar of an unknown god.
  3628 | D:3      | Found a shimmering altar of Xom.
  4062 | D:4      | Reached XP level 4. HP: 24/33 MP: 4/4
  4109 | D:4      | Got a steaming flail
  4133 | D:4      | Found a glowing golden altar of the Shining One.
  4811 | D:4      | Reached XP level 5. HP: 38/38 MP: 5/5
  5497 | D:5      | Entered Level 5 of the Dungeon
  5501 | D:5      | Noticed an ogre
  5504 | D:5      | Killed an ogre
  5544 | D:5      | Noticed a phantom
  5551 | D:5      | Killed a phantom
  5551 | D:5      | Reached XP level 6. HP: 33/44 MP: 6/6
  5851 | D:5      | Reached XP level 7. HP: 28/51 MP: 7/7
  5888 | D:5      | Reached skill level 5 in Short Blades
  6427 | D:5      | Found the brooch of Shielding {Reflect SH+8}
  6729 | D:5      | Reached XP level 8. HP: 32/58 MP: 8/8
  7145 | D:6      | Found a shattered altar of Ashenzari.
  7154 | D:6      | Noticed Prince Ribbit
  7157 | D:6      | Killed Prince Ribbit
  7205 | D:6      | Noticed ciphuk's ghost (novice MfIE)
  7208 | D:6      | Noticed Cykl0x's ghost (amateur OpCj)
  7208 | D:6      | Noticed Syrassil's ghost (novice DgWn)
  7210 | D:6      | Found a runed gate.
  7210 | D:6      | Found a runed gate.
  7210 | D:6      | Found a runed gate.
  7210 | D:6      | Noticed Cykl0x's ghost (novice GrFi)
  7214 | D:6      | Noticed topfpfpflanze's ghost (novice FeWz)
  7359 | D:6      | Noticed Eustachio
  7623 | D:6      | Found a shadowy altar of Dithmenos.
  7710 | D:6      | Killed Eustachio
  7710 | D:6      | Reached skill level 5 in Shields
  8155 | D:6      | Noticed Sigmund
  8175 | D:6      | Killed Sigmund
  8931 | D:7      | Found a sand-covered staircase.
  8945 | Ossuary  | Entered an ossuary
  9046 | Ossuary  | Reached XP level 9. HP: 54/64 MP: 9/9
 10258 | D:7      | Noticed Pikel
 10886 | D:8      | Noticed a two-headed ogre
 10916 | D:8      | Killed a two-headed ogre
 11082 | D:8      | Reached skill level 5 in Throwing
 11597 | D:8      | Reached skill level 5 in Dodging
 11809 | D:7      | Killed Pikel
 11809 | D:7      | Reached XP level 10. HP: 40/71 MP: 10/10
 12324 | D:7      | Found a staircase to the Ecumenical Temple.
 12354 | Temple   | Entered the Ecumenical Temple
 12435 | Temple   | Became a worshipper of Makhleb the Destroyer
 14478 | D:9      | Noticed a two-headed ogre
 14487 | D:9      | Killed a two-headed ogre
 14633 | D:9      | Noticed a two-headed ogre
 14667 | D:9      | Slain by a two-headed ogre

Skill      XL: |  1  2  3  4  5  6  7  8  9 10 |
---------------+-------------------------------+-----
Stealth        | 6 7 |  7.0
Shields        | 1 2 3 5 8 |  8.9
Throwing       | 2 3 4 5 |  5.5
Dodging        | 2 3 5 |  5.5
Short Blades   | 3 4 6 7 8 |  8.6
Fighting       | 2 3 4 |  4.2

Action                   |  1- 3 |  4- 6 |  7- 9 | 10-12 || total
-------------------------+-------+-------+-------+-------++-------
Melee: Dagger            |    92 |       |       |       ||    92
       Bite              |     8 |    10 |    68 |    27 ||   113
       Short sword       |     8 |    83 |   616 |   206 ||   913
Throw: Javelin           |       |     1 |       |       ||     1
 Abil: End Transformatio |       |       |     2 |     1 ||     3
       Bat Form          |       |       |     2 |     1 ||     3
  Use: Scroll            |     8 |     1 |     7 |       ||    16
       Potion            |       |     1 |     8 |     5 ||    14
 Stab: Sleeping          |    22 |    13 |    18 |     5 ||    58
       Distracted        |     1 |       |     2 |       ||     3
Armor: Robe              |    10 |     3 |    26 |     2 ||    41
Dodge: Dodged            |    29 |     9 |   101 |    36 ||   175
Block: Shield            |    27 |    16 |   391 |   151 ||   585
       Reflection        |       |       |     5 |     7 ||    12
       Other             |       |       |     8 |     1 ||     9
